 Dungeon Crawl Stone Soup version 0.18.1-6-gd335043 (webtiles) character file.

935 Gargoyl the Covered (level 7, 0/55 HPs)
             Began as a Demonspawn Abyssal Knight on May 17, 2016.
             Was a Priest of Lugonu.
             Slain by Enish's ghost (2 damage)
             ... on level 8 of the Dungeon.
             The game lasted 00:07:55 (5146 turns).

Gargoyl the Covered (Demonspawn Abyssal Knight)     Turns: 5146, Time: 00:07:55

Health: 0/55       AC: 10    Str: 14    XL:     7   Next: 87%
Magic:  8/8        EV:  7    Int: 14    God:    Lugonu [***...]
Gold:   169        SH:  0    Dex: 12    Spells: 0 memorised, 6 levels left

rFire  . . .     SeeInvis .     y - +0 war axe
rCold  + . .     Gourm    .     r - +0 chain mail
rNeg   . . .     Faith    .     (no shield)
rPois  .         Spirit   .     (no helmet)
rElec  .         Dismiss  .     (no cloak)
rCorr  .         Reflect  .     (no gloves)
SustAt .         Harm     .     (no boots)
MR     .....                    h - amulet of regeneration
Stlth  ..........               (no ring)
                                (no ring)

@: not resistant to hostile enchantments, extremely unstealthy
A: claws 1, cold resistance 1, foul stench 1, rot immunity, freezing cloud
immunity
a: Depart the Abyss, Bend Space, Banish, Renounce Religion


You were on level 8 of the Dungeon.
You worshipped Lugonu.
Lugonu was most pleased with you.
You were hungry.

You visited 1 branch of the dungeon, and saw 6 of its levels.
You visited the Abyss 1 time.

You collected 277 gold pieces.
You spent 108 gold pieces at shops.

Inventory:

Hand Weapons
 s - a +0 flail
 y - a +0 war axe (weapon)
Missiles
 t - 10 tomahawks
 A - 9 poisoned tomahawks (quivered)
Armour
 r - a +0 chain mail (worn)
Jewellery
 h - an amulet of regeneration (around neck)
Wands
 o - a wand of iceblast (2/15)
Scrolls
 d - 12 scrolls of identify {unknown}
 e - 3 scrolls of remove curse {unknown}
 g - a scroll of enchant armour {unknown}
 j - a scroll of fear {unknown}
 m - 2 scrolls of noise {unknown}
 q - 3 scrolls of teleportation {unknown}
 u - a scroll of immolation {unknown}
 w - 2 scrolls of magic mapping {unknown}
 x - 2 scrolls of amnesia {unknown}
Potions
 b - 2 potions of might {unknown}
 f - 2 potions of degeneration {unknown}
 i - a potion of lignification {unknown}
 l - a potion of haste {unknown}
 p - a potion of flight {unknown}
 z - a potion of mutation {unknown}
Books
 n - an Akashic Record

   Spells                             Type                      Level
   a - Dispersal                      Translocation                6
   b - Malign Gateway                 Summoning/Translocation      7
   c - Disjunction                    Translocation                8
   d - Controlled Blink               Translocation                8
Comestibles
 c - 5 bread rations
 k - a beef jerky
 v - 2 meat rations


   Skills:
 + Level 4.7 Fighting
 + Level 3.5 Axes
 + Level 0.3 Throwing
 * Level 6.1 Armour
 + Level 3.1 Dodging
 + Level 0.2 Stealth
 + Level 2.5 Invocations
 + Level 0.4 Evocations


You had 6 spell levels left.
You didn't know any spells.

Dungeon Overview and Level Annotations

Branches:
Dungeon (5/15)
 Temple: D:4-7

Altars:
Kikubaaqudgha
Yredelemnul

Shops:
D:4 *

Annotations:
D:8 Enish's ghost, novice HuAr


Innate Abilities, Weirdness & Mutations

You have sharp fingernails.
Your flesh is cold resistant.
You may emit foul miasma when damaged in melee.
You are immune to rotting.
You are immune to freezing clouds.


Message History

Enish's ghost hits you. Enish's ghost burns you.
You barely miss Enish's ghost.
Enish's ghost is moderately damaged.
Enish's ghost hits you but does no damage.
You hit Enish's ghost.
Enish's ghost is moderately damaged.
Enish's ghost completely misses you.
Enish's ghost hits you but does no damage.
You hit Enish's ghost.
Enish's ghost is moderately damaged.
Enish's ghost hits you!
* * * LOW HITPOINT WARNING * * *
Enish's ghost burns you.
* * * LOW HITPOINT WARNING * * *
Press: ? - help, Shift-Dir - straight line, f - Enish's ghost
Aim: Enish's ghost, wielding a weapon of flaming (moderately damaged, chance to defeat MR: 44%)
You fail to use your ability.
Enish's ghost hits you!
* * * LOW HITPOINT WARNING * * *
Enish's ghost burns you.
You die...

##.### ....#
#.#.#
##.#.#####
#....$...#
#........###
#.........(.
#...@W......
##+#.##.....
#.# ... #.###
# #...#
#......#......
#......#......
........#
.....
#.......#
.....


You could see Enish's ghost.

Vanquished Creatures
  The ghost of Berubetto the Covert, an amateur OpAs of the Shining One (D:3)
  2 water moccasins (D:4)
  2 ogres
  A hound (D:4)
  An orc priest (D:4)
  A centaur zombie (D:4)
  2 orc wizards
  2 giant frog skeletons (D:4)
  Terence (D:2)
  2 worker ants
  5 adders
  3 oozes
  An adder zombie (D:5)
  An adder skeleton (D:4)
  A worm (D:2)
  2 dart slugs
  2 giant geckos
  20 orcs
  5 ball pythons
  9 giant cockroaches
  7 goblins
  8 hobgoblins
  6 jackals
  3 kobolds
  A quokka (D:1)
  5 bats
  4 giant newts
  A quokka skeleton (D:4)
  5 rats
104 creatures vanquished.

Notes
Turn   | Place    | Note
--------------------------------------------------------------
     0 | Abyss:1  | Gargoyl the Demonspawn Abyssal Knight began the quest for the Orb.
     0 | Abyss:1  | Reached XP level 1. HP: 18/18 MP: 2/2
     4 | Abyss:1  | Found a blossoming altar of Fedhas.
    90 | Abyss:1  | Noticed a worldbinder
    92 | D:1      | Escaped the Abyss
   281 | D:1      | Reached skill level 1 in Dodging
   336 | D:1      | Reached skill level 2 in Armour
   378 | D:1      | Reached * piety under Lugonu
   766 | D:1      | Gained mutation: Your flesh is cold resistant. [demonic ancestry]
   766 | D:1      | Reached XP level 2. HP: 20/24 MP: 3/3
   919 | D:1      | Found a basalt altar of Yredelemnul.
  1217 | D:2      | Gained mutation: You are immune to rotting. [demonic ancestry]
  1217 | D:2      | Reached XP level 3. HP: 18/29 MP: 4/4
  1684 | D:2      | Noticed Terence
  1713 | D:2      | Killed Terence
  1713 | D:2      | Gained mutation: You have sharp fingernails. [demonic ancestry]
  1713 | D:2      | Reached XP level 4. HP: 13/35 MP: 5/5
  1913 | D:2      | Reached skill level 3 in Armour
  2227 | D:2      | Found an ancient bone altar of Kikubaaqudgha.
  2305 | D:3      | Reached ** piety under Lugonu
  2691 | D:3      | Noticed Berubetto's ghost (amateur OpAs)
  2706 | D:3      | Killed Berubetto's ghost
  2706 | D:3      | Reached skill level 4 in Armour
  2706 | D:3      | Gained mutation: You are immune to freezing clouds. [demonic ancestry]
  2706 | D:3      | Reached XP level 5. HP: 38/42 MP: 6/6
  3319 | D:3      | Noticed an ogre
  3327 | D:3      | Killed an ogre
  3327 | D:3      | Reached XP level 6. HP: 24/48 MP: 7/7
  3984 | D:3      | HP: 2/48 [hobgoblin (3)]
  4284 | D:4      | Reached skill level 5 in Armour
  4329 | D:4      | Gained mutation: You may emit foul miasma when damaged in melee. [demonic ancestry]
  4329 | D:4      | Reached XP level 7. HP: 54/54 MP: 8/8
  4431 | D:4      | Reached *** piety under Lugonu
  4771 | D:4      | Found Fuowe's Serpentskin Sales.
  4786 | D:4      | Reached skill level 6 in Armour
  4884 | D:4      | Bought 3 poisoned tomahawks for 36 gold pieces
  4884 | D:4      | Bought 6 poisoned tomahawks for 72 gold pieces
  5021 | D:5      | Entered Level 5 of the Dungeon
  5133 | D:5      | You fall through a shaft for 3 floors!
  5136 | D:8      | Noticed Enish's ghost (novice HuAr)
  5146 | D:8      | HP: 2/55 [Enish's ghost (10)]
  5146 | D:8      | Slain by Enish's ghost

Skill      XL: |  1  2  3  4  5  6  7 |
---------------+----------------------+-----
Dodging        | 1 2 3 |  3.1
Armour         | 2 4 5 6 |  6.1
Axes           | 2 3 |  3.5
Fighting       | 4 |  4.7
Throwing       | |  0.3
Stealth        | |  0.2
Invocations    | |  2.5
Evocations     | |  0.4

Action                   |  1- 3 |  4- 6 |  7- 9 || total
-------------------------+-------+-------+-------++-------
Melee: Hand axe          |   145 |   232 |       ||   377
       War axe           |       |     8 |    85 ||    93
Throw: Tomahawk          |       |     4 |     5 ||     9
Invok: Depart the Abyss  |     1 |       |       ||     1
Evoke: Wand              |       |     2 |       ||     2
  Use: Potion            |       |     1 |       ||     1
  Eat: Chunk             |     3 |     7 |     4 ||    14
Armor: Ring mail         |    64 |    14 |       ||    78
       Chain mail        |       |   155 |    66 ||   221
Dodge: Dodged            |   110 |   115 |    30 ||   255
